 Dungeon Crawl Stone Soup version 0.29-a0-334-gb41bcbb86e (webtiles) character file.

Game seed: 5178998917124416264

84 avis the Ruffian (level 4, 0/40 HPs)
             Began as a Hill Orc Monk on Apr 14, 2022.
             Hit by a javelin thrown by a gnoll (10 damage)
             ... on level 2 of the Dungeon.
             The game lasted 00:03:53 (1816 turns).

avis the Ruffian (Hill Orc Monk)                    Turns: 1816, Time: 00:03:53

Health: 0/40       AC:  2    Str: 15    XL:     4   Next: 45%
Magic:  4/4        EV: 12    Int: 10    God:
Gold:   109        SH:  0    Dex: 13    Spells: 3/3 levels left

rFire   . . .      SeeInvis .     - Unarmed
rCold   . . .      Faith    .   (no shield)
rNeg    . . .      Spirit   .   a - +0 robe
rPois   .          Reflect  .   (no helmet)
rElec   .          Harm     .   (no cloak)
rCorr   .          Rampage  .   (no gloves)
Will    .....                   (no boots)
Stlth   ++........              (no amulet)
HPRegen 0.13/turn               (no ring)
MPRegen 0.09/turn               (no ring)

@: no status effects
A: no striking features
a: no special abilities


You were on level 2 of the Dungeon.
You visited 1 branch of the dungeon, and saw 2 of its levels.

You collected 109 gold pieces.

Inventory:

Hand Weapons
 m - a +0 whip of electrocution
Missiles
 c - 18 stones (quivered)
 f - 2 poisoned darts
Armour
 a - a +0 robe (worn)
Scrolls
 j - a scroll of fear {unknown}
 k - a scroll of teleportation {unknown}
 n - a scroll of immolation {unknown}
Potions
 b - a potion of ambrosia
 d - a potion of flight {unknown}
 e - 2 potions of mutation {unknown}
 g - a potion of degeneration {unknown}
 h - a potion of cancellation {unknown}
 i - a potion of magic {unknown}
 l - a potion of resistance {unknown}
 o - a potion of invisibility {unknown}


   Skills:
 + Level 3.9 Fighting
 - Level 2.4 Dodging
 - Level 1.5 Stealth
 * Level 5.4 Unarmed Combat


You had 3 spell levels left.
You didn't know any spells.
Your spell library was empty.

Dungeon Overview and Level Annotations

Branches:
Dungeon (2/15)

Altars:

Shops:
D:1 (


Message History

A goblin comes into view. It is wielding a +0 club.
A gnoll comes into view. It is wielding a +0 spear.
The gnoll shouts! x2
A gnoll comes into view.
It is wielding a +2 flail of protection.
The gnoll shouts!
You punch the gnoll!
The gnoll is heavily wounded.
The gnoll closely misses you. x2
You hit the gnoll.
The gnoll is severely wounded.
The gnoll hits you with a +0 whip of draining.
You feel drained.
The gnoll hits you from afar with a +0 spear.
You closely miss the gnoll.
The gnoll is severely wounded.
You hit the gnoll.
You kill the gnoll!
The gnoll hits you from afar with a +0 spear!
The gnoll hits you with a +0 spear.
You see here a +0 whip of draining.
You hit the gnoll.
The gnoll is lightly wounded.
The gnoll closely misses you.
You hit the gnoll.
The gnoll is moderately wounded.
The gnoll hits you with a +0 spear!
You punch the gnoll!
The gnoll is almost dead.
The gnoll closely misses you.
You punch the gnoll!
You kill the gnoll!
The gnoll throws a javelin.
The javelin pierces through you.
* * * LOW HITPOINT WARNING * * *
Your life force feels restored.
The goblin attacks as you move away! The goblin hits you with a +0 club.
* * * LOW HITPOINT WARNING * * *
You punch the goblin!
You kill the goblin!
The gnoll throws a javelin.
The javelin pierces through you!
You die...

#.#.<.g......# #.#.###..g...#
#.#.#...g.#### ### #.#.#.##..###
..#####.#... #....####
####.##....######.....^.#
..##.##.###.#.)g)....##.#
..##.##.#...#g#########.#
..##....#.#.#...@.......#######
......#.....###...#####.......#
...##.......# #.#.# #.#####.#
...#....##..###.#.#####.#.....#
...#.#.###......#.#.....#.#####
.....#.###.######.#.###...#######
..####.##.........#......#......#
..##.#.#####..#########.....###.#
..##.#.# #..........####..###.#


You could see a gnoll.

Vanquished Creatures
  A howler monkey (D:1)
  2 gnolls (D:2)
  An adder (D:2)
  An orc (D:2)
  2 bats (D:2)
  2 endoplasms (D:2)
  2 giant cockroaches (D:2)
  3 hobgoblins
  A quokka (D:1)
  3 ball pythons (D:1)
  A goblin (D:2)
  A kobold (D:1)
  2 rats (D:2)
22 creatures vanquished.

Vanquished Creatures (others)
  4 plants (D:2)
4 creatures vanquished.

Grand Total: 26 creatures vanquished

Notes
Turn   | Place    | Note
-------+----------+-------------------------------------------
     0 | D:1      | avis the Hill Orc Monk began the quest for the Orb.
     0 | D:1      | Reached XP level 1. HP: 19/19 MP: 1/1
   312 | D:1      | Found Ufoah's Antique Weapon Shop.
  1110 | D:2      | Noticed a howler monkey
  1120 | D:1      | Killed a howler monkey
  1121 | D:1      | Reached skill level 4 in Unarmed Combat
  1121 | D:1      | Reached XP level 2. HP: 26/26 MP: 2/2
  1121 | D:1      | Reached XP level 3. HP: 31/31 MP: 3/3
  1182 | D:2      | Reached skill level 5 in Unarmed Combat
  1555 | D:2      | Reached XP level 4. HP: 40/40 MP: 4/4
  1816 | D:2      | Hit by a javelin thrown by a gnoll

Illustrated notes

Levels and vault maps discovered:
D:1:      mainiacjoe_arrival_reflecting_pool, layout_loops_ring, serial_shops,
          nicolae_shop_behind_doors
D:2:      layout_basic, shapermc_ecumenical_altar_mp_ritualfount

Skill      XL: |  1  2  3 |
---------------+----------+-----
Unarmed Combat | 4 5 |  5.4
Fighting       | |  3.9
Dodging        | |  2.4
Stealth        | |  1.5

Action                   |  1- 3 |  4- 6 || total
-------------------------+-------+-------++-------
Melee: Unarmed           |    71 |    13 ||    84
       Punch             |     4 |       ||     4
Armor: Robe              |     9 |       ||     9
Dodge: Dodged            |    42 |     4 ||    46

Table legend: (Time is in decaauts)
 A = Elapsed time spent in this place.
 B = Non-inter-level travel time spent in this place.
 C = Inter-level travel time spent in this place.
 D = Time resting spent in this place.
 E = Time spent auto-exploring this place.
 F = Levels seen in this place.
 G = Mean time per level.
                   A        B        C        D        E       F      G
               +--------+--------+--------+--------+--------+-----+--------+
         Total |   1814 |   1713 |    101 |    677 |    786 |   2 |  907.0 |
       Dungeon |   1814 |   1713 |    101 |    677 |    786 |   2 |  907.0 |
               +--------+--------+--------+--------+--------+-----+--------+

Top non-repeatable levels by time:
     D:1: 1244 daAuts
     D:2: 570 daAuts
